 Dungeon Crawl Stone Soup version 0.24.0-1-gfbc8707122 (webtiles) character file.

Game seed: 961502379152371123, levelgen mode: deterministic

165 LazyJones the Gusty (level 5, -4/38 HPs)
             Began as a Demigod Air Elementalist on Oct 26, 2019.
             Slain by an ice beast (5 damage)
             ... on level 6 of the Dungeon.
             The game lasted 00:12:39 (3467 turns).

LazyJones the Gusty (Demigod Air Elementalist)      Turns: 3467, Time: 00:12:39

Health: -4/38      AC:  3    Str: 13    XL:     5   Next: 1%
Magic:  0/10       EV: 12    Int: 19    God:
Gold:   139        SH:  0    Dex: 16    Spells: 3/7 levels left

rFire    . . .     SeeInvis .   (no weapon)
rCold    . . .     Gourm    .   (no shield)
rNeg     . . .     Faith    .   a - +1 robe
rPois    .         Spirit   +   (no helmet)
rElec    .         Reflect  .   q - scarf {Spirit}
rCorr    .         Harm     .   (no gloves)
MR       .....                  (no boots)
Stlth    ++........             (no amulet)
HPRegen  0.12/turn              (no ring)
MPRegen  0.12/turn              (no ring)

@: drained
A: high mp 1
a: no special abilities


You were on level 6 of the Dungeon.
You were hungry.

You visited 1 branch of the dungeon, and saw 4 of its levels.

You collected 139 gold pieces.

Inventory:

Missiles
 f - 18 poisoned darts (quivered)
Armour
 a - a +1 robe (worn)
 e - a scarf of cloud immunity
 q - a scarf of spirit shield (worn)
Jewellery
 m - an uncursed ring of resist corrosion {unknown}
Scrolls
 b - a scroll of identify {!r}
 d - 2 scrolls of immolation {!r}
 g - 3 scrolls of enchant weapon {!r}
 i - 3 scrolls of magic mapping {!r}
Potions
 h - a potion of degeneration {!q, unknown}
 k - a potion of agility {!q}
 n - a potion of heal wounds {!q}
 o - a potion of invisibility {!q, unknown}
Comestibles
 c - 6 rations


   Skills:
 + Level 0.0 Fighting
 - Level 1.7(1.0) Dodging
 - Level 1.7(1.0) Stealth
 - Level 0.3(0.0) Unarmed Combat
 - Level 1.7(1.0) Spellcasting
 - Level 2.0(1.2) Conjurations
 + Level 5.0(4.1) Air Magic


You had 3 spell levels left.
You knew the following spells:

 Your Spells              Type           Power        Failure   Level  Hunger
a - Shock                 Conj/Air       ##..         6%          1    ##.....
b - Static Discharge      Conj/Air       ##......     19%         3    ####...

Your spell library contained the following spells:

 Spells                   Type           Power        Failure   Level  Hunger
 Swiftness                Chrm/Air       #.......     12%         2    ###....
 Airstrike                Air            ###.......   32%         4    #####..
 Lightning Bolt           Conj/Air       ##........   86%         5    ######.


Dungeon Overview and Level Annotations

Branches:
Dungeon (3/15)


Innate Abilities, Weirdness & Mutations

You have an increased reservoir of magic. (+10% MP)


Message History

The orc closely misses you.
A quokka comes into view.
Unknown command.
The orc wizard hits you but does no damage.
Unknown command.
Unknown command.
Found a copper wand.
Unknown command.
Found a stone staircase leading up.
Unknown command.
The orc wizard roars loudly.
Unknown command.
Found 17 stones.
You see here a wand of iceblast (3).
There is a stone staircase leading up here.
The iguana hisses menacingly.
The ice beast hits you.
* * * LOW HITPOINT WARNING * * *
The ice beast freezes you.
You die...

........zo..########+#.
###....####o.........#
+..Z.# #..........#
#....# +z.........#
#....# #..........#
#.z..# #l.........#
######....#
+o.........#
#.........#
#Y.........#
#.........#
#@....######
#.....#+### #.....#
#.....# #.....# ##....#
#..(..# #....# #.....#
#...z# #......#
#....'O.....#......#
#....#..###+#......#
##....#..#


You could see an orc warrior, an ice beast, an iguana, a wight and an orc
wizard.

Vanquished Creatures
  An orc priest (D:2)
  A gnoll (D:1)
  4 adders
  An ooze (D:3)
  A dart slug (D:2)
  2 leopard geckos
  5 orcs
  11 bats
  A giant cockroach (D:2)
  8 hobgoblins
  9 jackals (D:1)
  A quokka (D:3)
  A ball python (D:2)
  6 frilled lizards
  10 goblins
  8 kobolds
  6 rats
76 creatures vanquished.

Notes
Turn   | Place    | Note
-------+----------+-------------------------------------------
     0 | D:1      | LazyJones the Demigod Air Elementalist began the quest for
                  | the Orb.
     0 | D:1      | Reached XP level 1. HP: 14/14 MP: 5/5
   196 | D:1      | Reached skill level 3 in Air Magic
   296 | D:1      | Reached skill level 1 in Conjurations
   296 | D:1      | Reached XP level 2. HP: 19/20 MP: 1/7
   660 | D:1      | Reached XP level 3. HP: 26/26 MP: 2/8
   715 | D:1      | Learned a level 3 spell: Static Discharge
  1398 | D:2      | Reached skill level 4 in Air Magic
  1567 | D:2      | Found a shadowy altar of Dithmenos.
  1821 | D:2      | Reached XP level 4. HP: 26/33 MP: 4/9
  2306 | D:3      | Found a faded altar of an unknown god.
  3133 | D:3      | Reached skill level 5 in Air Magic
  3133 | D:3      | Reached XP level 5. HP: 34/38 MP: 5/10
  3306 | D:3      | Found a stormy altar of Qazlal.
  3324 | D:3      | You fall into a shaft and drop 3 floors!
  3399 | D:6      | HP: 13/38 [bullfrog skeleton (3)]
  3404 | D:6      | HP: 4/38 [wight/cursed +0 dagger (3)]
  3435 | D:6      | Noticed an ice beast
  3441 | D:6      | HP: 8/38 [ice beast (10)]
  3443 | D:6      | Noticed an ogre
  3450 | D:6      | Noticed an orc warrior
  3452 | D:6      | HP: 6/38 [orc/+0 hand axe (3)]
  3454 | D:6      | HP: 1/38 [orc warrior/+0 halberd (5)]
  3467 | D:6      | HP: 1/38 [ice beast (2)]
  3467 | D:6      | Slain by an ice beast

Levels and vault maps discovered:
D:1:      dpeg_arrival_boxes_within_box, layout_loops_cross, minmay_tetromino_o2
D:2:      layout_loops_ring, nicolae_dithmenos_shadow_blocks
D:3:      layout_loops_ring, lemuel_doored_altar, overflow_temple_1_default,
          first_ration, chequers_ecumenical_altar_island, minmay_pentomino_pile
D:6:      layout_gridville

Skill      XL: |  1  2  3  4 |
---------------+-------------+-----
Air Magic      | 3 4 5 |  5.0
Conjurations   | 1 2 |  2.0
Dodging        | |  1.7
Stealth        | |  1.7
Unarmed Combat | |  0.3
Spellcasting   | |  1.7

Action                   |  1- 3 |  4- 6 || total
-------------------------+-------+-------++-------
Melee: Unarmed           |    19 |    30 ||    49
Throw: Dart              |     4 |       ||     4
 Cast: Shock             |    82 |    47 ||   129
       Static Discharge  |     2 |     2 ||     4
  Use: Scroll            |       |     6 ||     6
       Potion            |       |     2 ||     2
 Stab: Sleeping          |     1 |     2 ||     3
  Eat: Chunk             |     4 |     6 ||    10
Armor: Robe              |    11 |    20 ||    31
Dodge: Dodged            |    47 |    76 ||   123
